 Dungeon Crawl Stone Soup version 0.28-b1-25-g9875b3fc8c (console) character file.

Game seed: 6392109261111758667

3 syban the Digger (level 1, -2/13 HPs)
             Began as a Palentonga Earth Elementalist on Jan 31, 2022.
             Slain by a goblin (3 damage)
             ... on level 1 of the Dungeon.
             The game lasted 00:00:23 (261 turns).

syban the Digger (Palentonga Earth Elementalist)     Turns: 261, Time: 00:00:23

Health: -2/13      AC:  4    Str: 11    XL:     1   Next: 41%
Magic:  3/3        EV:  9    Int: 15    God:
Gold:   14         SH:  0    Dex: 10    Spells: 3/4 levels left

rFire   . . .      SeeInvis +   a - +0 hand axe
rCold   . . .      Faith    .   (no shield)
rNeg    . . .      Spirit   .   b - +0 robe
rPois   .          Reflect  .   (no helmet)
rElec   .          Harm     .   (no cloak)
rCorr   .          Rampage  .   (no gloves)
Will    .....                   (no barding)
Stlth   +.........              (no amulet)
HPRegen 0.04/turn               (no ring)
MPRegen 0.08/turn               (no ring)

@: no status effects
A: large, rugged brown scales 3, see invisible, deformed body, roll 1, armoured
tail
a: Rolling Charge


You were on level 1 of the Dungeon.
You visited 1 branch of the dungeon, and saw 1 of its levels.

You collected 14 gold pieces.

Inventory:

Hand Weapons
 a - a +0 hand axe (weapon)
Missiles
 c - 48 stones
Armour
 b - a +0 robe (worn)
Potions
 d - a potion of brilliance {unknown}


   Skills:
 * Level 0.2 Fighting
 * Level 0.1 Armour
 * Level 1.6 Dodging
 - Level 1.2 Stealth
 - Level 2.0 Spellcasting
 - Level 1.0 Transmutations
 + Level 2.7 Earth Magic


You had 3 spell levels left.
You knew the following spells:

 Your Spells              Type           Power      Damage    Failure   Level
a - Sandblast             Erth           18%        2d7       7%          1

Your spell library contained the following spells:

 Spells                   Type           Power      Damage    Failure   Level
 Passwall                 Tmut/Erth      5%         N/A       16%         2
 Stone Arrow              Conj/Erth      10%        3d7       36%         3
 Petrify                  Tmut/Erth      7%         N/A       71%         4


Dungeon Overview and Level Annotations

Branches:
Dungeon (1/15)

Altars:


Innate Abilities, Weirdness & Mutations

You are completely covered in rugged brown scales. (AC +3, +7% HP)
You have supernaturally acute eyesight. (SInv)
Armour fits poorly on your strangely shaped body.
You can roll at nearby foes to attack.
You have a long armoured tail.


Message History

You barely miss the goblin.
The goblin shouts!
The goblin barely misses you. The goblin hits you with a +0 dagger.
The quokka barely misses you.
You hit the quokka.
The quokka is moderately wounded.
You hit the goblin.
The quokka bites you but does no damage.
The goblin hits you but does no damage.
You hit the quokka.
You kill the quokka!
You hit the goblin but do no damage. The goblin closely misses you.
You hit the goblin.
The goblin is severely wounded.
You hit the quokka.
The quokka bites you but does no damage.
The goblin hits you with a +0 dagger.
The quokka bites you but does no damage.
The goblin hits you but does no damage.
You hit the quokka but do no damage.
The quokka is severely wounded.
You barely miss the goblin. You closely miss the goblin.
The quokka barely misses you. The goblin hits you but does no damage.
The goblin closely misses you.
You closely miss the quokka.
The quokka is severely wounded.
You hit the goblin but do no damage. You barely miss the goblin.
The quokka bites you but does no damage.
The goblin hits you with a +0 club. The goblin hits you but does no damage.
The quokka misses you.
You are too injured to fight recklessly!
You are too injured to fight recklessly!
You hit the goblin but do no damage.
The goblin is severely wounded.
You barely miss the goblin. You completely miss the quokka.
The goblin hits you with a +0 club. The goblin hits you with a +0 dagger.
* * * LOW HITPOINT WARNING * * *
The quokka bites you but does no damage.
The goblin hits you with a +0 club.
You die...

≈≈≈≈≈≈≈≈≈≈≈≈..#
≈≈≈≈≈≈≈≈≈≈≈≈..#
.≈.#####≈≈≈≈≈.# .
..##...##≈≈≈≈.## ..
..#.....#≈≈≈≈..# ...
..'..<>.#≈≈≈≈≈.# ....
..#.....#≈≈≈≈≈.# .....
..##...##≈≈≈≈..###......
...#####≈≈≈≈..#.@r......
...≈≈≈≈≈≈≈≈..##.gg......
...≈≈≈≈≈≈.....+.........
....≈≈≈...##.###...##...
........#..)..#8...8# ..
.########.##.###...## .
........#.##.# #...#
##......#.##.###...#
##............#


You could see a quokka and 2 goblins.

Vanquished Creatures
  An endoplasm (D:1)
  A quokka (D:1)
  A frilled lizard (D:1)
3 creatures vanquished.

Notes
Turn   | Place    | Note
-------+----------+-------------------------------------------
     0 | D:1      | syban the Palentonga Earth Elementalist began the quest for
                  | the Orb.
     0 | D:1      | Reached XP level 1. HP: 13/13 MP: 3/3
   261 | D:1      | Slain by a goblin

Illustrated notes

Levels and vault maps discovered:
D:1:      minmay_arrival_shoal_huts, layout_basic, serial_corexii_hall,
          corexii_hall_statues_i, corexii_hall_statues_s

Action                   || total
-------------------------++-------
Melee: Hand axe          ||    12
Armor: Robe              ||    10
Dodge: Dodged            ||     7
